 Dungeon Crawl Stone Soup version 0.21-a0-94-gdd6ab6a (webtiles) character file.

91 Kidiri the Magician (level 4, -7/24 HPs)
             Began as a Deep Elf Fire Elementalist on July 1, 2017.
             Killed from afar by Ijyb (31 damage)
             ... with a wand of lightning (?/15)
             ... on level 3 of the Dungeon.
             The game lasted 00:05:16 (1926 turns).

Kidiri the Magician (Deep Elf Fire Elementalist)    Turns: 1926, Time: 00:05:17

Health: -7/24      AC:  2    Str:  5    XL:     4   Next: 34%
Magic:  15/21      EV: 13    Int: 21    God:
Gold:   152        SH:  0    Dex: 15    Spells: 3/12 levels left

rFire    . . .     SeeInvis .   h - +1 dagger
rCold    . . .     Gourm    .   (no shield)
rNeg     . . .     Faith    .   a - +0 robe
rPois    .         Spirit   .   (no helmet)
rElec    .         Reflect  .   (no cloak)
rCorr    .         Harm     .   (no gloves)
MR       .....                  (no boots)
Stlth    ++........             (no amulet)
HPRegen  0.08/turn              d - ring of magical power
MPRegen  0.17/turn              (no ring)

@: no status effects
A: no striking features
a: no special abilities


You were on level 3 of the Dungeon.
You were not hungry.

You visited 1 branch of the dungeon, and saw 3 of its levels.

You collected 152 gold pieces.

Inventory:

Hand Weapons
 h - a +1 dagger (weapon)
Armour
 a - a +0 robe (worn)
Jewellery
 d - a ring of magical power (left hand)
Wands
 j - a wand of iceblast (8/15)
Potions
 e - a potion of brilliance
 f - 2 potions of heal wounds
 g - a potion of curing {unknown}
Books
 b - a book of Flames

   Spells                             Type                      Level
   a - Flame Tongue                   Conjuration/Fire             1
   b - Throw Flame                    Conjuration/Fire             2
   c - Conjure Flame                  Conjuration/Fire             3
   d - Inner Flame                    Hexes/Fire                   3
   e - Sticky Flame                   Conjuration/Fire             4
   f - Fireball                       Conjuration/Fire             5
Comestibles
 c - a bread ration


   Skills:
 - Level 2.4 Dodging
 - Level 2.4 Stealth
 * Level 4.8 Spellcasting
 + Level 2.5 Conjurations
 + Level 4.0 Fire Magic


You had 3 spell levels left.
You knew the following spells:

 Your Spells              Type           Power        Failure   Level  Hunger
a - Flame Tongue          Conj/Fire      ###..        2%          1    None
b - Throw Flame           Conj/Fire      ###...       4%          2    None
c - Conjure Flame         Conj/Fire      ###.....     9%          3    ##.....
d - Inner Flame           Hex/Fire       ##......     14%         3    ##.....


Dungeon Overview and Level Annotations

Branches:
Dungeon (3/15)

Altars:
Ashenzari
Elyvilon
Kikubaaqudgha
Wu Jian

Annotations:
D:3 Ijyb


Message History

The flame tongue hits Ijyb.
Ijyb appears unharmed.
Ijyb shouts!
Casting: Flame Tongue
Confirm with . or Enter, or press ? or * to list all spells.
Aiming: Flame Tongue
Press: ? - help, Shift-Dir - straight line, f/p - Ijyb
Aim: Ijyb, wielding a club and wearing a ring mail The flame tongue hits Ijyb.
Ijyb is moderately wounded.
Ijyb screams, "Get away!"
Casting: Flame Tongue
Confirm with . or Enter, or press ? or * to list all spells.
Aiming: Flame Tongue
Press: ? - help, Shift-Dir - straight line, f/p - Ijyb
Aim: Ijyb, wielding a club and wearing a ring mail (moderately wounded)
The flame tongue hits Ijyb.
Ijyb appears unharmed.
Ijyb is moderately wounded.
Ijyb zaps a wand.
The bolt of lightning hits you!
Ouch! That really hurt!
You die...

.... #.. #..
... ##.## ...
# ####.###(.#
#...@g....#
#.##.###.##
#.....<#
#####.##
#...# #.....#
#.......#
....._.....
.##.......###


You could see Ijyb.

Vanquished Creatures
  6 adders
  4 leopard geckos (D:2)
  3 bats
  2 giant cockroaches (D:2)
  2 goblins
  8 hobgoblins
  2 frilled lizards (D:1)
  5 kobolds
  3 rats
35 creatures vanquished.

Notes
Turn   | Place    | Note
-------+----------+-------------------------------------------
     0 | D:1      | Kidiri the Deep Elf Fire Elementalist began the quest for the Orb.
     0 | D:1      | Reached XP level 1. HP: 10/10 MP: 6/6
   255 | D:1      | Reached XP level 2. HP: 15/15 MP: 2/8
   266 | D:1      | Learned a level 2 spell: Throw Flame
   852 | D:1      | Reached XP level 3. HP: 13/19 MP: 0/10
   932 | D:1      | Learned a level 3 spell: Conjure Flame
   936 | D:1      | Learned a level 3 spell: Inner Flame
  1211 | D:2      | Found an ancient bone altar of Kikubaaqudgha.
  1403 | D:2      | Found a white marble altar of Elyvilon.
  1570 | D:2      | Reached XP level 4. HP: 22/24 MP: 12/12
  1631 | D:2      | Found an ornate altar of the Wu Jian Council.
  1909 | D:3      | Found a shattered altar of Ashenzari.
  1921 | D:3      | Noticed Ijyb
  1926 | D:3      | Killed from afar by Ijyb

Vault maps used:
D:1:      scummos_arrival_checkerplants, minmay_misc_feat_doors
D:2:      nicolae_overflow_crystal_walls, kiku_gazebo_garden_becter,
          lemuel_coloured_pillars_altar, serial_bayou_ford_a
D:3:      lemuel_doored_altar, lemuel_round_altar, first_bread, uniq_ijyb,
          uniq_crazy_yiuf_cottage

Skill      XL: |  1  2  3  4 |
---------------+-------------+-----
Spellcasting   | 4 |  4.8
Conjurations   | 2 |  2.5
Fire Magic     | 4 |  4.0
Dodging        | |  2.4
Stealth        | |  2.4

Action                   |  1- 3 |  4- 6 || total
-------------------------+-------+-------++-------
Melee: Unarmed           |     1 |       ||     1
       Dagger            |    11 |       ||    11
 Cast: Flame Tongue      |    37 |     6 ||    43
       Throw Flame       |    14 |     6 ||    20
  Use: Scroll            |     2 |     2 ||     4
  Eat: Chunk             |     2 |     1 ||     3
Armor: Robe              |     5 |       ||     5
Dodge: Dodged            |    19 |       ||    19
